TOP OF THE 1ST |
Minnesota ManBearPigs batting - Pitching for Kingston Iguanas : RHP Paço Boda
|
Pitching: RHP Paço Boda
|
|
Batting: LHB Elvin Summers
|
0-0: Called Strike 0-1: Ball 1-1: SINGLE (Line Drive, 89S)
|
Batting: RHB Ricardo Salazar
|
0-0: Ball 1-0: Ball Throwing error on steal attempt, E2 Elvin Summers to third 2-0: Foul Ball, location: 2F 2-1: Foul Ball, location: 2F 2-2: Ball 3-2: Strikes out swinging
|
Batting: LHB Colm Massey
|
0-0: Ball 1-0: Foul Ball, location: 2F 1-1: Called Strike 1-2: Foul Ball, location: 2F 1-2: Ball 2-2: Foul Ball, location: 2F 2-2: Foul Ball, location: 2F 2-2: Ball 3-2: Base on Balls
|
Batting: RHB Jeffrey Hicks
|
0-0: Called Strike 0-1: Ball 1-1: Foul Ball, location: 2F 1-2: Ball 2-2: Ball 3-2: Strikes out swinging
|
Batting: RHB Carlos López
|
0-0: Ball 1-0: Fly out, F8 (Flyball, 89M)
|
Top of the 1st over - 0 run(s), 1 hit(s), 1 error(s), 2 left on base; Minnesota 0 - Kingston 0 |
BOTTOM OF THE 1ST |
Kingston Iguanas batting - Pitching for Minnesota ManBearPigs : RHP Juan Moreno
|
Pitching: RHP Juan Moreno
|
|
Batting: RHB Bob Lee
|
0-0: Called Strike 0-1: Bunt - Flyout! F2
|
Batting: RHB Francisco Martínez
|
0-0: Foul Ball, location: 2F 0-1: Fly out, F8 (Line Drive, 78S)
|
Batting: LHB Dusty Wilson
|
0-0: Ball 1-0: Ball 2-0: Called Strike 2-1: Ball 3-1: Ground out 3-1 (Groundball, 34)
|
Bottom of the 1st over - 0 run(s), 0 hit(s), 0 error(s), 0 left on base; Minnesota 0 - Kingston 0 |
TOP OF THE 2ND |
Minnesota ManBearPigs batting - Pitching for Kingston Iguanas : RHP Paço Boda
|
Batting: RHB Ichizo Akiyama
|
0-0: Called Strike 0-1: Foul Ball, location: 2F 0-2: DOUBLE (Line Drive, 7LS)
|
Batting: RHB Luis Maldonado
|
0-0: Called Strike 0-1: Ball 1-1: Called Strike 1-2: Strikes out looking
|
Batting: RHB Ben Barker
|
0-0: Fly out, F6 (Line Drive, 56)
|
Batting: RHB Chris Jones
|
0-0: Swinging Strike 0-1: Called Strike 0-2: Ball 1-2: Strikes out swinging
|
Top of the 2nd over - 0 run(s), 1 hit(s), 0 error(s), 1 left on base; Minnesota 0 - Kingston 0 |
BOTTOM OF THE 2ND |
Kingston Iguanas batting - Pitching for Minnesota ManBearPigs : RHP Juan Moreno
|
Batting: RHB Tommy Davenport
|
0-0: Ball 1-0: Called Strike 1-1: Ground out 5-3 (Groundball, 56S)
|
Batting: LHB Billy Anderson
|
0-0: Called Strike 0-1: Ball 1-1: Ball 2-1: Swinging Strike 2-2: Ball 3-2: Foul Ball, location: 2F 3-2: Strikes out swinging
|
Batting: SHB Devin Smith
|
0-0: Ground out 3-1 (Groundball, 34S)
|
Bottom of the 2nd over - 0 run(s), 0 hit(s), 0 error(s), 0 left on base; Minnesota 0 - Kingston 0 |
TOP OF THE 3RD |
Minnesota ManBearPigs batting - Pitching for Kingston Iguanas : RHP Paço Boda
|
Batting: LHB Elvin Summers
|
0-0: Ball 1-0: Foul Ball, location: 2F 1-1: Foul Ball, location: 2F 1-2: Ball 2-2: Foul Ball, location: 2F 2-2: Ball 3-2: Foul Ball, location: 2F 3-2: Base on Balls
|
Batting: RHB Ricardo Salazar
|
0-0: Ball Elvin Summers steals 2nd base 1-0: Ground out 4-3 (Groundball, 4) Elvin Summers to third
|
Batting: LHB Colm Massey
|
0-0: Ground out 6-3 (Groundball, 6) Elvin Summers scores
|
Batting: RHB Jeffrey Hicks
|
0-0: Ground out 5-3 (Groundball, 5L)
|
Top of the 3rd over - 1 run(s), 0 hit(s), 0 error(s), 0 left on base; Minnesota 1 - Kingston 0 |
BOTTOM OF THE 3RD |
Kingston Iguanas batting - Pitching for Minnesota ManBearPigs : RHP Juan Moreno
|
Batting: RHB Fred McPhun
|
0-0: Foul Ball, location: 2F 0-1: Ball 1-1: Ball 2-1: Ground out 4-3 (Groundball, 4)
|
Batting: RHB Sergio Mata
|
0-0: Called Strike 0-1: Swinging Strike 0-2: Ground out 5-3 (Groundball, 5)
|
Batting: RHB Manuel Gómez
|
0-0: Foul Ball, location: 2F 0-1: Called Strike 0-2: Strikes out looking
|
Bottom of the 3rd over - 0 run(s), 0 hit(s), 0 error(s), 0 left on base; Minnesota 1 - Kingston 0 |
TOP OF THE 4TH |
Minnesota ManBearPigs batting - Pitching for Kingston Iguanas : RHP Paço Boda
|
Batting: RHB Carlos López
|
0-0: Called Strike 0-1: Foul Ball, location: 2F 0-2: Ball 1-2: Foul Ball, location: 2F 1-2: SINGLE (Line Drive, 8RS)
|
Batting: RHB Ichizo Akiyama
|
0-0: Ball 1-0: Ball 2-0: Swinging Strike 2-1: Ball 3-1: Called Strike 3-2: Strikes out swinging
|
Batting: RHB Luis Maldonado
|
0-0: Ball Carlos López is caught stealing 2nd base 1-0: Ball 2-0: Foul Ball, location: 2F 2-1: Fly out, F8 (Flyball, 8LM)
|
Top of the 4th over - 0 run(s), 1 hit(s), 0 error(s), 0 left on base; Minnesota 1 - Kingston 0 |
BOTTOM OF THE 4TH |
Kingston Iguanas batting - Pitching for Minnesota ManBearPigs : RHP Juan Moreno
|
Batting: RHB Bob Lee
|
0-0: Ground out 6-3 (Groundball, 6)
|
Batting: RHB Francisco Martínez
|
0-0: Ball 1-0: Foul Ball, location: 2F 1-1: Ball 2-1: SINGLE (Flyball, 7LM)
|
Batting: LHB Dusty Wilson
|
0-0: Ball 1-0: Called Strike 1-1: Swinging Strike 1-2: Ball 2-2: Ball 3-2: Foul Ball, location: 2F 3-2: Strikes out swinging
|
Batting: RHB Tommy Davenport
|
0-0: Ball 1-0: Called Strike 1-1: Ball 2-1: Fly out, F9 (Flyball, 9)
|
Bottom of the 4th over - 0 run(s), 1 hit(s), 0 error(s), 1 left on base; Minnesota 1 - Kingston 0 |
TOP OF THE 5TH |
Minnesota ManBearPigs batting - Pitching for Kingston Iguanas : RHP Paço Boda
|
Batting: RHB Ben Barker
|
0-0: Ball 1-0: SINGLE (Flyball, 7LS)
|
Batting: RHB Chris Jones
|
0-0: Called Strike Ben Barker steals 2nd base 0-1: Swinging Strike 0-2: Ball 1-2: Strikes out looking
|
Batting: LHB Elvin Summers
|
0-0: Ball Ben Barker steals 3rd base 1-0: Ball 2-0: Foul Ball, location: 2F 2-1: Ball 3-1: Foul Ball, location: 2F 3-2: Base on Balls
|
Batting: RHB Ricardo Salazar
|
0-0: Ball 1-0: Grounds into double play, 4-6-3 (Groundball, 4)
|
Top of the 5th over - 0 run(s), 1 hit(s), 0 error(s), 1 left on base; Minnesota 1 - Kingston 0 |
BOTTOM OF THE 5TH |
Kingston Iguanas batting - Pitching for Minnesota ManBearPigs : RHP Juan Moreno
|
Batting: LHB Billy Anderson
|
0-0: Called Strike 0-1: Ball 1-1: Ball 2-1: Called Strike 2-2: Ball 3-2: Fly out, F8 (Flyball, 8LM)
|
Batting: SHB Devin Smith
|
0-0: Ball 1-0: Ball 2-0: DOUBLE (Line Drive, 89M)
|
Batting: RHB Fred McPhun
|
0-0: SINGLE (Groundball, 15S) (infield hit) Devin Smith to third
|
Batting: RHB Sergio Mata
|
0-0: Ball 1-0: Foul Ball, location: 2F 1-1: Ball 2-1: Ball 3-1: Foul Ball, location: 2F 3-2: Base on Balls Fred McPhun to second
|
Batting: RHB Manuel Gómez
|
0-0: Ball 1-0: Called Strike 1-1: Grounds into fielders choice 1-2 (Groundball, P) Fred McPhun to third Sergio Mata to second
|
Batting: RHB Bob Lee
|
0-0: Ball 1-0: Foul Ball, location: 2F 1-1: Fly out, F9 (Flyball, 9LS)
|
Bottom of the 5th over - 0 run(s), 2 hit(s), 0 error(s), 3 left on base; Minnesota 1 - Kingston 0 |
TOP OF THE 6TH |
Minnesota ManBearPigs batting - Pitching for Kingston Iguanas : RHP Paço Boda
|
Batting: LHB Colm Massey
|
0-0: Ball 1-0: Ground out 4-3 (Groundball, 4)
|
Batting: RHB Jeffrey Hicks
|
0-0: Ball 1-0: Ball 2-0: Called Strike 2-1: Ball 3-1: Foul Ball, location: 2F 3-2: Base on Balls
|
Batting: RHB Carlos López
|
0-0: Called Strike 0-1: Swinging Strike 0-2: Foul Ball, location: 2F 0-2: Ball 1-2: Ball Jeffrey Hicks steals 2nd base 2-2: Ball 3-2: Base on Balls
|
Batting: RHB Ichizo Akiyama
|
0-0: Called Strike Jeffrey Hicks steals 3rd base Carlos López to second 0-1: Ball 1-1: Intentional Walk
|
Pitching: RHP Kel Meyer
|
|
Batting: RHB Luis Maldonado
|
0-0: Grounds into double play, 6-4-3 (Groundball, 6)
|
Top of the 6th over - 0 run(s), 0 hit(s), 0 error(s), 2 left on base; Minnesota 1 - Kingston 0 |
BOTTOM OF THE 6TH |
Kingston Iguanas batting - Pitching for Minnesota ManBearPigs : RHP Juan Moreno
|
Batting: RHB Francisco Martínez
|
0-0: Fly out, F9 (Flyball, 9S)
|
Batting: LHB Dusty Wilson
|
0-0: Ball 1-0: Ball 2-0: Ball 3-0: Base on Balls
|
Batting: RHB Tommy Davenport
|
0-0: Called Strike 0-1: Ball 1-1: Foul Ball, location: 2F 1-2: Foul Ball, location: 2F 1-2: Fly out, F9 (Line Drive, 9)
|
Batting: LHB Billy Anderson
|
0-0: DOUBLE (Flyball, 7D) Dusty Wilson to third
|
Batting: SHB Devin Smith
|
0-0: Called Strike 0-1: Foul Ball, location: 2F 0-2: Ball 1-2: Strikes out swinging
|
Bottom of the 6th over - 0 run(s), 1 hit(s), 0 error(s), 2 left on base; Minnesota 1 - Kingston 0 |
TOP OF THE 7TH |
Minnesota ManBearPigs batting - Pitching for Kingston Iguanas : RHP Kel Meyer
|
Batting: RHB Ben Barker
|
0-0: Ball 1-0: Swinging Strike 1-1: Called Strike 1-2: Strikes out swinging
|
Batting: RHB Chris Jones
|
0-0: Ball 1-0: SINGLE (Groundball, 56D)
|
Pitching: LHP Ray McKnight
|
|
Batting: LHB Elvin Summers
|
0-0: Ball 1-0: Fly out, F4 (Popup, 34)
|
Batting: RHB Ricardo Salazar
|
0-0: Ball 1-0: Ball 2-0: Ball 3-0: Called Strike 3-1: Foul Ball, location: 2F 3-2: Base on Balls Chris Jones to second
|
Pitching: LHP Jeff Minnich
|
|
Pinch Hitting: RHB Jorge Mora
|
0-0: Ball 1-0: Ball 2-0: Fly out, F9 (Flyball, 9D)
|
Top of the 7th over - 0 run(s), 1 hit(s), 0 error(s), 2 left on base; Minnesota 1 - Kingston 0 |
BOTTOM OF THE 7TH |
Kingston Iguanas batting - Pitching for Minnesota ManBearPigs : RHP Juan Moreno
|
Now at 3B: Jorge Mora
|
|
Batting: RHB Fred McPhun
|
0-0: Swinging Strike 0-1: Ball 1-1: Ball 2-1: Ground out 5-3 (Groundball, 5S)
|
Batting: RHB Sergio Mata
|
0-0: Ball 1-0: Called Strike 1-1: Ball 2-1: Ball 3-1: Base on Balls
|
Pinch Hitting: LHB Gustavo Gómez
|
0-0: Ball 1-0: Fly out, F4 (Line Drive, 4)
|
Batting: RHB Bob Lee
|
0-0: Ball Sergio Mata steals 2nd base 1-0: Called Strike 1-1: Foul Ball, location: 2F 1-2: Foul Ball, location: 2F 1-2: Foul Ball, location: 2F 1-2: Ball 2-2: Ball 3-2: Foul Ball, location: 2F 3-2: SINGLE (Groundball, 4MD) Sergio Mata to third Sergio Mata scores
|
Pitching: RHP Danny Johnston
|
|
Batting: RHB Francisco Martínez
|
0-0: Ball 1-0: Foul Ball, location: 2F 1-1: Ground out 5-3 (Groundball, 25)
|
Bottom of the 7th over - 1 run(s), 1 hit(s), 0 error(s), 1 left on base; Minnesota 1 - Kingston 1 |
TOP OF THE 8TH |
Minnesota ManBearPigs batting - Pitching for Kingston Iguanas : LHP Jeff Minnich
|
Now at 2B: Ken MacDonald
|
|
Batting: RHB Jeffrey Hicks
|
0-0: Ball 1-0: Ball 2-0: Foul Ball, location: 2F 2-1: Called Strike 2-2: Ground out 5-3 (Groundball, 56S)
|
Batting: RHB Carlos López
|
0-0: Ball 1-0: Called Strike 1-1: Ball 2-1: Foul Ball, location: 2F 2-2: Foul Ball, location: 2F 2-2: Fly out, F8 (Flyball, 8LS)
|
Batting: RHB Ichizo Akiyama
|
0-0: Ball 1-0: Ball 2-0: Ball 3-0: Called Strike 3-1: Base on Balls
|
Batting: RHB Luis Maldonado
|
0-0: Ball 1-0: Foul Ball, location: 2F 1-1: Foul Ball, location: 2F 1-2: SINGLE (Groundball, 56D) Ichizo Akiyama to second
|
Pinch Hitting: SHB William Hamilton
|
0-0: Foul Ball, location: 2F 0-1: Called Strike 0-2: Strikes out swinging
|
Top of the 8th over - 0 run(s), 1 hit(s), 0 error(s), 2 left on base; Minnesota 1 - Kingston 1 |
BOTTOM OF THE 8TH |
Kingston Iguanas batting - Pitching for Minnesota ManBearPigs : RHP Danny Johnston
|
Now in RF: Carlos Luna
|
|
Batting: LHB Dusty Wilson
|
0-0: Called Strike 0-1: Swinging Strike 0-2: Ball 1-2: Fly out, F9 (Flyball, 9D)
|
Batting: RHB Tommy Davenport
|
0-0: Ground out 3-1 (Groundball, 34)
|
Batting: LHB Billy Anderson
|
0-0: Called Strike 0-1: Ball 1-1: Ball 2-1: Ball 3-1: Called Strike 3-2: Base on Balls
|
Batting: SHB Devin Smith
|
0-0: Foul Ball, location: 2F 0-1: Fly out, F7 (Flyball, 7)
|
Bottom of the 8th over - 0 run(s), 0 hit(s), 0 error(s), 1 left on base; Minnesota 1 - Kingston 1 |
TOP OF THE 9TH |
Minnesota ManBearPigs batting - Pitching for Kingston Iguanas : LHP Jeff Minnich
|
Pitching: RHP Guo-fang Juan
|
|
Pinch Hitting: LHB Ramiro Muñóz
|
0-0: Ball 1-0: Called Strike 1-1: Called Strike 1-2: Foul Ball, location: 2F 1-2: SINGLE (Flyball, 8RS)
|
Pinch Runner at 1st Juan Trujillo:
|
|
Batting: LHB Elvin Summers
|
0-0: Ball 1-0: Ball 2-0: Foul Ball, location: 2F 2-1: Ball 3-1: Bunted foul 3-2: Base on Balls Juan Trujillo to second
|
Batting: RHB Ricardo Salazar
|
0-0: Sac Bunt - play at first, batter OUT! 1-4 Juan Trujillo to third Elvin Summers to second
|
Batting: RHB Jorge Mora
|
0-0: Ball 1-0: Ground out 6-3 (Groundball, 6)
|
Batting: RHB Jeffrey Hicks
|
0-0: Ball 1-0: Fly out, F4 (Line Drive, 4)
|
Top of the 9th over - 0 run(s), 1 hit(s), 0 error(s), 2 left on base; Minnesota 1 - Kingston 1 |
BOTTOM OF THE 9TH |
Kingston Iguanas batting - Pitching for Minnesota ManBearPigs : RHP Danny Johnston
|
Now at C: Nicoli Turina
|
|
Pinch Hitting: RHB Bobby Armstrong
|
0-0: Ball 1-0: Fly out, F9 (Flyball, 9)
|
Batting: RHB Sergio Mata
|
0-0: Ball 1-0: Called Strike 1-1: Swinging Strike 1-2: Foul Ball, location: 2F 1-2: Ball 2-2: Ball 3-2: Base on Balls
|
Pinch Hitting: LHB Cliff David
|
0-0: Fielders Choice at 2nd, 1-4 (Groundball, 15S)
|
Batting: RHB Bob Lee
|
0-0: Ball 1-0: SINGLE (Groundball, 56S) (infield hit) Cliff David to second
|
Batting: RHB Francisco Martínez
|
0-0: Swinging Strike 0-1: Foul Ball, location: 2F 0-2: Ball 1-2: Ball 2-2: Ground out U3 (Groundball, 3)
|
Bottom of the 9th over - 0 run(s), 1 hit(s), 0 error(s), 2 left on base; Minnesota 1 - Kingston 1 |
TOP OF THE 10TH |
Minnesota ManBearPigs batting - Pitching for Kingston Iguanas : RHP Guo-fang Juan
|
Now at 2B: Júlio Valentín
|
|
Now at SS: John Beach
|
|
Batting: RHB Carlos López
|
0-0: Called Strike 0-1: Foul Ball, location: 2F 0-2: Ball 1-2: Ground out 1-3 (Groundball, 13S)
|
Batting: RHB Ichizo Akiyama
|
0-0: Swinging Strike 0-1: Ball 1-1: Called Strike 1-2: Ball 2-2: Foul Ball, location: 2F 2-2: Ball 3-2: Foul Ball, location: 2F 3-2: Ground out 6-3 (Groundball, 6)
|
Pinch Hitting: RHB Chris Burrell
|
0-0: Fly out, F3 (Popup, 3L)
|
Top of the 10th over - 0 run(s), 0 hit(s), 0 error(s), 0 left on base; Minnesota 1 - Kingston 1 |
BOTTOM OF THE 10TH |
Kingston Iguanas batting - Pitching for Minnesota ManBearPigs : RHP Danny Johnston
|
Now at 1B: Chris Burrell
|
|
Batting: LHB Dusty Wilson
|
0-0: Ball 1-0: Called Strike 1-1: Ball 2-1: Called Strike 2-2: Foul Ball, location: 2F 2-2: Strikes out looking
|
Pitching: RHP Ernesto González
|
|
Batting: RHB Tommy Davenport
|
0-0: Ball 1-0: Ball 2-0: Called Strike 2-1: Swinging Strike 2-2: Ground out 6-3 (Groundball, 56)
|
Batting: LHB Billy Anderson
|
0-0: Ball 1-0: Foul Ball, location: 2F 1-1: Foul Ball, location: 2F 1-2: Ball 2-2: Foul Ball, location: 2F 2-2: Strikes out swinging
|
Bottom of the 10th over - 0 run(s), 0 hit(s), 0 error(s), 0 left on base; Minnesota 1 - Kingston 1 |
TOP OF THE 11TH |
Minnesota ManBearPigs batting - Pitching for Kingston Iguanas : RHP Guo-fang Juan
|
Pitching: RHP Brandon Malet
|
|
Pinch Hitting: RHB Pedro López
|
0-0: Foul Ball, location: 2F 0-1: Reached on error, E6 (Groundball, 6S)
|
Batting: RHB Nicoli Turina
|
0-0: Ball 1-0: Foul Ball, location: 2F 1-1: Ball 2-1: Bunted foul 2-2: Ball 3-2: Fly out, F8 (Flyball, 89D)
|
Batting: LHB Elvin Summers
|
0-0: Called Strike 0-1: Swinging Strike 0-2: Ball 1-2: Ball 2-2: Foul Ball, location: 2F 2-2: SINGLE (Flyball, 78S) Pedro López to second
|
Batting: RHB Ricardo Salazar
|
0-0: Called Strike 0-1: Ball Pedro López steals 3rd base Elvin Summers to second 1-1: SINGLE (Groundball, 4M) (infield hit) Pedro López scores Elvin Summers to third
|
Batting: RHB Jorge Mora
|
0-0: Ball 1-0: Fly out, F9 (Flyball, 9LS)
|
Batting: RHB Jeffrey Hicks
|
0-0: Ground out 5-3 (Groundball, 56)
|
Top of the 11th over - 1 run(s), 2 hit(s), 1 error(s), 2 left on base; Minnesota 2 - Kingston 1 |
BOTTOM OF THE 11TH |
Kingston Iguanas batting - Pitching for Minnesota ManBearPigs : RHP Ernesto González
|
Now at 1B: Yasutoki Kojima
|
|
Now in RF: Pedro López
|
|
Batting: SHB Devin Smith
|
0-0: Called Strike 0-1: Ball 1-1: Ball 2-1: Ball 3-1: Foul Ball, location: 2F 3-2: Base on Balls
|
Batting: SHB Júlio Valentín
|
0-0: Sac Bunt - play at first, batter OUT! 1-4 Devin Smith to second
|
Batting: RHB Sergio Mata
|
0-0: Called Strike 0-1: Foul Ball, location: 2F 0-2: Ball 1-2: Ball 2-2: Ball 3-2: Base on Balls
|
Batting: SHB John Beach
|
0-0: Foul Ball, location: 2F 0-1: Ball 1-1: Swinging Strike 1-2: Ball 2-2: Strikes out looking
|
Batting: RHB Bob Lee
|
0-0: Swinging Strike 0-1: Ball 1-1: Hit by Pitch Devin Smith to third Sergio Mata to second
|
Batting: RHB Francisco Martínez
|
0-0: Fly out, F3 (Line Drive, 3)
|
Bottom of the 11th over - 0 run(s), 0 hit(s), 0 error(s), 3 left on base; Minnesota 2 - Kingston 1 |
|